 Dungeon Crawl Stone Soup version 0.20.1-1-g8b1a95d (webtiles) character file.

90 Inkary the Ruffian (level 4, 0/39 HPs)
             Began as a Minotaur Monk on Oct 9, 2017.
             Was a Believer of Makhleb.
             Slain by a hippogriff (5 damage)
             ... on level 3 of the Dungeon.
             The game lasted 00:02:38 (2031 turns).

Inkary the Ruffian (Minotaur Monk)                  Turns: 2031, Time: 00:02:40

Health: 0/39       AC:  4    Str: 17    XL:     4   Next: 32%
Magic:  3/3        EV: 13    Int:  7    God:    Makhleb [**....]
Gold:   98         SH:  0    Dex: 12    Spells: 3/3 levels left

rFire    . . .     SeeInvis .     - Unarmed
rCold    . . .     Gourm    .   (no shield)
rNeg     . . .     Faith    .   i - +0 leather armour
rPois    .         Spirit   .   (helmet restricted)
rElec    .         Reflect  .   (no cloak)
rCorr    .         Harm     .   s - +0 pair of gloves
MR       .....                  (no boots)
Stlth    ++........             (no amulet)
Regen    0.2/turn               (no ring)
MPRegen  0.1/turn               (no ring)

@: no status effects
A: retaliatory headbutt, horns 2
a: Minor Destruction, Renounce Religion


You were on level 3 of the Dungeon.
You worshipped Makhleb.
Makhleb was pleased with you.
You were hungry.

You visited 1 branch of the dungeon, and saw 3 of its levels.

You collected 98 gold pieces.

Inventory:

Missiles
 n - 7 javelins (quivered)
Armour
 i - a +0 leather armour (worn)
 s - a +0 pair of gloves (worn)
Jewellery
 k - a +3 ring of intelligence {unknown}
Scrolls
 a - 3 scrolls of identify {unknown}
 d - a scroll of amnesia {unknown}
 e - a scroll of enchant weapon {unknown}
 f - 3 scrolls of magic mapping {unknown}
 j - 2 scrolls of teleportation {unknown}
 l - a scroll of noise {unknown}
 m - 2 scrolls of recharging {unknown}
 p - a scroll of fog {unknown}
 v - a scroll of remove curse {unknown}
Potions
 c - 2 potions of heal wounds {unknown}
 o - 2 potions of invisibility {unknown}
 q - a potion of haste {unknown}
 r - a potion of flight {unknown}
 t - a potion of lignification {unknown}
Comestibles
 b - 3 bread rations
 g - 2 meat rations
 h - 4 royal jellies
 u - a chunk of flesh


   Skills:
 - Level 3.6 Fighting
 - Level 3.2 Dodging
 + Level 2.1 Stealth
 * Level 5.4 Unarmed Combat


You had 3 spell levels left.
You didn't know any spells.

Dungeon Overview and Level Annotations

Branches:
Dungeon (3/15)

Altars:
Kikubaaqudgha
Makhleb


Innate Abilities, Weirdness & Mutations

You reflexively headbutt those who attack you in melee.
You have a pair of horns on your head.


Message History

The hippogriff bites you! The hippogriff closely misses you.
The hippogriff barely misses you.
You are too injured to fight recklessly!
You are too injured to fight recklessly!
You are too injured to fight recklessly!
Throwing (i - inventory):
n - 8 javelins (quivered)
Press: ? - help, Shift-Dir - straight line, f - hippogriff
Aim: a hippogriff (lightly wounded)
You throw a javelin. The javelin hits the hippogriff!
The hippogriff is moderately wounded.
The hippogriff completely misses you. The hippogriff barely misses you.
The hippogriff claws you.
* * * LOW HITPOINT WARNING * * *
The hippogriff bites you but does no damage.
The hippogriff barely misses you. The hippogriff claws you.
* * * LOW HITPOINT WARNING * * *
Press: ? - help, Shift-Dir - straight line, f/p - hippogriff
Aim: a hippogriff (moderately wounded)
You fail to use your ability.
The hippogriff bites you.
You die...

#######'#########
#..........#
#.......=..#
#..........#
#...........
#...?.......
#...†.......
#..)........
#.@.........
#H....?.....
......###....
........# ....
..........# ...
.......(..#
.)........#
..........#


You could see a hippogriff.

Vanquished Creatures
  2 adders (D:2)
  An ooze (D:2)
  2 worms (D:2)
  2 dart slugs
  4 leopard geckos
  An orc (D:2)
  4 bats
  6 giant cockroaches
  5 goblins
  3 hobgoblins
  4 jackals (D:2)
  4 kobolds
  A quokka (D:3)
  5 frilled lizards
  7 rats
51 creatures vanquished.

Notes
Turn   | Place    | Note
-------+----------+-------------------------------------------
     0 | D:1      | Inkary the Minotaur Monk began the quest for the Orb.
     0 | D:1      | Reached XP level 1. HP: 19/19 MP: 0/0
   107 | D:1      | Reached skill level 4 in Unarmed Combat
   107 | D:1      | Reached XP level 2. HP: 23/26 MP: 1/1
   681 | D:2      | Reached XP level 3. HP: 14/31 MP: 2/2
  1099 | D:2      | Reached skill level 5 in Unarmed Combat
  1325 | D:2      | Reached XP level 4. HP: 29/39 MP: 3/3
  1392 | D:2      | Found an ancient bone altar of Kikubaaqudgha.
  1796 | D:3      | Found a burning altar of Makhleb.
  1813 | D:3      | Became a worshipper of Makhleb the Destroyer
  1813 | D:3      | Reached * piety under Makhleb
  1813 | D:3      | Reached ** piety under Makhleb
  2021 | D:3      | Noticed a hippogriff
  2031 | D:3      | Slain by a hippogriff

Skill      XL: |  1  2  3 |
---------------+----------+-----
Unarmed Combat | 4 5 |  5.4
Stealth        | 2 |  2.1
Fighting       | |  3.6
Dodging        | |  3.2

Action                   |  1- 3 |  4- 6 || total
-------------------------+-------+-------++-------
Melee: Unarmed           |    92 |    31 ||   123
       Headbutt          |    13 |     6 ||    19
Throw: Javelin           |       |     1 ||     1
 Stab: Sleeping          |     3 |     1 ||     4
       Distracted        |     1 |       ||     1
  Eat: Chunk             |     1 |     2 ||     3
Armor: Robe              |     2 |       ||     2
       Leather armour    |    11 |    10 ||    21
Dodge: Dodged            |    52 |    25 ||    77
